 Dungeon Crawl Stone Soup version 0.30.1-3-gfc49f6343a (webtiles) character file.

Game seed: 1013927025478807004

116 leafyfresh the Covert (level 5, 0/47 HPs)
             Began as a Gnoll Delver on Aug 4, 2023.
             Succumbed to a scorpion's poison
             ... on level 4 of the Dungeon.
             The game lasted 00:01:09 (620 turns).

leafyfresh the Covert (Gnoll Delver)                 Turns: 620, Time: 00:01:10

Health: 0/47       AC:  4    Str: 11    XL:     5   Next: 1%
Magic:  7/7        EV: 13    Int:  9    God:
Gold:   0          SH:  0    Dex: 16    Spells: 6/6 levels left

rFire   . . .        a - +0 short sword
rCold   . . .        (no shield)
rNeg    . . .        b - +1 leather armour
rPois   .            (no helmet)
rElec   .            (no cloak)
rCorr   .            (no gloves)
SInv    .            (no boots)
Will    .....        (no amulet)
Stlth   ++++         (no ring)
HPRegen 0.27/turn    (no ring)
MPRegen 0.10/turn

%: no passive effects
@: lethally poisoned (0 -> -7)
A: fangs 1, strong nose, distributed training
a: no special abilities


You were on level 4 of the Dungeon.
You visited 1 branch of the dungeon, and saw 2 of its levels.

Inventory:

Hand Weapons
 a - a +0 short sword (weapon)
Armour
 b - a +1 leather armour (worn)
Wands
 g - a wand of digging (3)
Scrolls
 c - 2 scrolls of fog
 d - 2 scrolls of magic mapping
 e - a scroll of fear


   Skills:
 + Level 6.6 Fighting
 + Level 4.7 Short Blades
 + Level 1.3 Long Blades
 + Level 1.3 Axes
 + Level 1.3 Maces & Flails
 + Level 1.3 Polearms
 + Level 1.3 Staves
 + Level 1.3 Ranged Weapons
 + Level 1.3 Throwing
 + Level 1.3 Armour
 + Level 4.7 Dodging
 + Level 9.6 Stealth
 + Level 1.3 Shields
 + Level 1.3 Unarmed Combat
 + Level 1.3 Spellcasting
 + Level 1.1 Conjurations
 + Level 1.1 Hexes
 + Level 1.1 Summonings
 + Level 1.1 Necromancy
 + Level 1.1 Translocations
 + Level 1.1 Transmutations
 + Level 1.1 Fire Magic
 + Level 1.1 Ice Magic
 + Level 1.1 Air Magic
 + Level 1.1 Earth Magic
 + Level 1.1 Poison Magic
 + Level 1.5 Invocations
 + Level 1.3 Evocations


You had 6 spell levels left.
You didn't know any spells.
Your spell library was empty.

Dungeon Overview and Level Annotations

Branches:
Dungeon (5/15)
 Temple: D:4-7

Altars:


Innate Abilities, Weirdness & Mutations

You have very sharp teeth.
Your uncanny sense of smell can sniff out nearby items.
Your experience applies equally to all skills.


Message History

The scorpion misses you.
You barely miss the scorpion.
The scorpion is heavily wounded.
You feel sick. The scorpion barely misses you.
You hit the scorpion but do no damage.
The scorpion is heavily wounded.
You feel sick. The scorpion barely misses you.
You hit the scorpion.
The scorpion is severely wounded.
You feel sick. The scorpion stings you.
You are more poisoned.
The scorpion poisons you!
Unknown command.
You hit the scorpion.
The scorpion is almost dead.
* * * LOW HITPOINT WARNING * * *
You feel very sick. The scorpion misses you.
You hit the scorpion but do no damage.
The scorpion is almost dead.
* * * LOW HITPOINT WARNING * * *
You feel very sick. The scorpion stings you.
* * * LOW HITPOINT WARNING * * *
As you read the scroll labelled PIFUGIH VIENO, it crumbles to dust.
It is a scroll of enchant armour.
Your +0 leather armour glows green for a moment.
* * * LOW HITPOINT WARNING * * *
You feel sick.
The scorpion stings you but does no damage.
Unknown command.
You completely miss the scorpion.
The scorpion is almost dead.
* * * LOW HITPOINT WARNING * * *
You feel sick. The scorpion stings you.
* * * LOW HITPOINT WARNING * * *
You hit the scorpion.
You bite the scorpion, but do no damage.
The scorpion is almost dead.
You die...

......................
.##.###.............
....................
###.###..###.##.#####..
......#....#..........#
##....#....####.#####.#
#.....#....##...#
#.....#...###...#####.#
#.....#.........@sg...#
....).#.#.########....#
......#.#.# ...#
......# ### ......#
.....># ......# ......#
#..#..#


You could see a scorpion and a hobgoblin.

Vanquished Creatures
  A scorpion (D:5)
  An orc priest (D:4)
  A hound (D:5)
  2 orcs (D:4)
5 creatures vanquished.

Notes
Turn   | Place    | Note
-------+----------+-------------------------------------------
     0 | D:5      | Reached skill level 9 in Stealth
     0 | D:5      | leafyfresh the Gnoll Delver began the quest for the Orb.
     0 | D:5      | Reached XP level 1. HP: 23/23 MP: 1/1
     7 | D:5      | Noticed a scorpion
     9 | D:5      | Noticed an iguana
     9 | D:5      | Noticed an orc wizard
    30 | D:5      | Noticed a hound
    41 | D:5      | Killed a hound
    42 | D:5      | Reached XP level 2. HP: 25/29 MP: 1/3
    42 | D:5      | Reached XP level 3. HP: 30/35 MP: 1/4
    90 | D:5      | Noticed a scorpion
    93 | D:5      | Killed a scorpion
    94 | D:5      | Reached skill level 1 in Long Blades
    94 | D:5      | Reached skill level 1 in Axes
    94 | D:5      | Reached skill level 1 in Maces & Flails
    94 | D:5      | Reached skill level 1 in Polearms
    94 | D:5      | Reached skill level 1 in Staves
    94 | D:5      | Reached skill level 1 in Ranged Weapons
    94 | D:5      | Reached skill level 1 in Throwing
    94 | D:5      | Reached skill level 1 in Armour
    94 | D:5      | Reached skill level 1 in Shields
    94 | D:5      | Reached skill level 1 in Unarmed Combat
    94 | D:5      | Reached skill level 1 in Spellcasting
    94 | D:5      | Reached skill level 1 in Conjurations
    94 | D:5      | Reached skill level 1 in Hexes
    94 | D:5      | Reached skill level 1 in Summonings
    94 | D:5      | Reached skill level 1 in Necromancy
    94 | D:5      | Reached skill level 1 in Translocations
    94 | D:5      | Reached skill level 1 in Transmutations
    94 | D:5      | Reached skill level 1 in Fire Magic
    94 | D:5      | Reached skill level 1 in Ice Magic
    94 | D:5      | Reached skill level 1 in Air Magic
    94 | D:5      | Reached skill level 1 in Earth Magic
    94 | D:5      | Reached skill level 1 in Poison Magic
    94 | D:5      | Reached skill level 1 in Invocations
    94 | D:5      | Reached skill level 1 in Evocations
    94 | D:5      | Reached XP level 4. HP: 41/41 MP: 5/5
    96 | D:5      | Noticed an ogre
   508 | D:4      | Reached XP level 5. HP: 32/47 MP: 5/7
   619 | D:4      | HP: 1/47 [scorpion (4)]
   620 | D:4      | Succumbed to a scorpion's poison

Illustrated notes

Levels and vault maps discovered:
D:4:      layout_basic, nicolae_ru_path_of_blood
D:5:      layout_rooms, lemuel_doored_altar, mainiacjoe_overflow_big_doors,
          small_statue_intersection, nrook_pool_corridor

Skill      XL: |  1  2  3 |
---------------+----------+-----
Stealth        | |  9.6
Long Blades    | 1 |  1.3
Axes           | 1 |  1.3
Maces & Flails | 1 |  1.3
Polearms       | 1 |  1.3
Staves         | 1 |  1.3
Ranged Weapons | 1 |  1.3
Throwing       | 1 |  1.3
Armour         | 1 |  1.3
Shields        | 1 |  1.3
Unarmed Combat | 1 |  1.3
Spellcasting   | 1 |  1.3
Conjurations   | 1 |  1.1
Hexes          | 1 |  1.1
Summonings     | 1 |  1.1
Necromancy     | 1 |  1.1
Translocations | 1 |  1.1
Transmutations | 1 |  1.1
Fire Magic     | 1 |  1.1
Ice Magic      | 1 |  1.1
Air Magic      | 1 |  1.1
Earth Magic    | 1 |  1.1
Poison Magic   | 1 |  1.1
Invocations    | 1 |  1.5
Evocations     | 1 |  1.3
Fighting       | |  6.6
Short Blades   | |  4.7
Dodging        | |  4.7

Action                     |  1- 3 |  4- 6 || total
---------------------------+-------+-------++-------
  Melee: Short sword       |     8 |    47 ||    55
         Bite              |       |     8 ||     8
         Punch             |       |     1 ||     1
    Use: Potion            |       |     1 ||     1
         Scroll            |       |     1 ||     1
   Stab: Sleeping          |     1 |       ||     1
 Armour: Leather armour    |     1 |     3 ||     4
  Dodge: Dodged            |     3 |    17 ||    20
